 Dungeon Crawl Stone Soup version 0.30-a0-722-g3e6e8c874d (webtiles) character file.

Game seed: 7547221277176664467

3171 voltaire321 the Conjurer (level 9, -1/62 HPs)
             Began as an Octopode Conjurer on Jan 27, 2023.
             Was a Follower of Vehumet.
             Slain by a hornet zombie (10 damage)
             ... on level 6 of the Dungeon.
             The game lasted 00:26:50 (7306 turns).

voltaire321 the Conjurer (Octopode Conjurer)        Turns: 7306, Time: 00:26:51

Health: -1/62      AC:  1    Str:  8    XL:     9   Next: 94%
Magic:  8/17       EV: 13    Int: 23    God:    Vehumet [*.....]
Gold:   265        SH:  8    Dex: 10    Spells: 5/19 levels left

rFire   . . .      SeeInvis .    m - +7 spear "Lorem Ipsum" {speed, rN+ Will+ rCorr}
rCold   . . .      Faith    .    g - +0 kite shield
rNeg    + . .      Spirit   .    (helmet restricted)
rPois   +          Reflect  .    (no amulet)
rElec   .          Harm     .    c - ring of poison resistance
rCorr   +          Rampage  .    h - ring of wizardry
Will    +....                    (no ring)
Stlth   +++                      (no ring)
HPRegen 0.30/turn                (no ring)
MPRegen 0.15/turn                (no ring)
                                 (no ring)
                                 (no ring)

@: no status effects
A: almost no armour, amphibious, 8 rings, camouflage 1, gelatinous body 1,
(nimble swimmer 1), tentacles
a: Renounce Religion


You were on level 6 of the Dungeon.
You worshipped Vehumet.
Vehumet was aware of your devotion.
You visited 2 branches of the dungeon, and saw 7 of its levels.
You also visited: Sewer.

You collected 265 gold pieces.

Inventory:

Hand Weapons
 b - a +1 dagger of flaming
 d - a +0 dagger
 m - the +7 spear "Lorem Ipsum" (weapon) {speed, rN+ Will+ rCorr}
   (You found it on level 2 of the Dungeon)

   rN:        It protects you from negative energy.
   rCorr:     It protects you from acid and corrosion.
   Will:      It increases your willpower.
 w - a +1 dagger of venom
Missiles
 x - a throwing net
Armour
 g - a +0 kite shield (worn)
Jewellery
 c - a ring of poison resistance (left tentacle)
 h - a ring of wizardry (right tentacle)
Wands
 q - a wand of polymorph (1)
 t - a wand of charming (10)
 u - a wand of roots (16)
Scrolls
 i - 4 scrolls of teleportation
 j - a scroll of noise
 l - 2 scrolls of fog
 p - a scroll of vulnerability
 v - a scroll of blinking
 y - a scroll of torment {unknown}
 B - a scroll of amnesia {unknown}
 C - a scroll of fear {unknown}
Potions
 a - 2 potions of magic
 e - a potion of curing
 f - 5 potions of heal wounds
 k - 3 potions of might
 n - a potion of ambrosia
 o - 2 potions of lignification
 r - a potion of cancellation
 s - a potion of invisibility {unknown}
 z - 2 potions of haste {unknown}
 A - a potion of resistance {unknown}


   Skills:
 + Level 5.9 Fighting
 + Level 6.3 Dodging
 - Level 2.6 Stealth
 + Level 3.0 Shields
 + Level 5.7 Spellcasting
 + Level 7.3 Conjurations
 + Level 4.8 Hexes
 + Level 1.1 Translocations


You had 5 spell levels left.
You knew the following spells:

 Your Spells              Type           Power      Damage    Failure   Level
a - Magic Dart            Conj           100%       1d8       1%          1
b - Searing Ray           Conj           80%        2d7       1%          2
c - Iskenderun's Mystic   Conj/Tloc      26%        2d7       19%         4
d - Dazzling Flash        Conj/Hex       68%        N/A       2%          3
e - Passage of Golubria   Tloc           11%        N/A       52%         4

Your spell library contained the following spells:

 Spells                   Type           Power      Damage    Failure   Level
 Freeze                   Ice            24%        1d4       11%         1
 Tukima's Dance           Hex            28%        N/A       4%          3
 Fulminant Prism          Conj/Hex       17%        3d10      9%          4
 Yara's Violent Unravell  Hex/Tmut       8%         3d5       69%         5


Dungeon Overview and Level Annotations

Branches:
Dungeon (6/15)             Temple (1/1) D:5           Sewer (visited)

Altars:
Dithmenos
Elyvilon
Gozag
Hepliaklqana
Kikubaaqudgha
Nemelex Xobeh
Okawaru
Qazlal
Ru
Vehumet
Wu Jian
Xom
The Shining One


Innate Abilities, Weirdness & Mutations

You cannot wear most types of armour.
You are amphibious.
You can wear up to eight rings at the same time.
Your skin changes colour to match your surroundings (Stealth+).
Your rubbery body absorbs attacks. (AC +1, EV +1)
((You are camouflaged when in or above water. (Stealth+)))
You have tentacles for arms and can constrict up to eight enemies at once.


Message History

The searing ray hits the hornet zombie.
The hornet zombie is lightly damaged.
The wyvern zombie closely misses you.
The searing ray hits the wyvern zombie!
The wyvern zombie is severely damaged.
The searing ray hits the hornet zombie!
The hornet zombie is moderately damaged.
You block the wyvern zombie's attack.
The searing ray hits the wyvern zombie!
The wyvern zombie is almost destroyed.
The searing ray hits the hornet zombie!
The hornet zombie is heavily damaged.
You finish channelling your searing ray.
The wyvern zombie bites you! The wyvern zombie misses you.
Casting: Searing Ray (safe; 1% risk of failure)
Confirm with . or Enter, or press ? or * to list all spells.
Aiming: Searing Ray (safe; 1% risk of failure)
Press: ? - help, Shift-Dir - straight line, f/p - wyvern zombie
Aim: a wyvern zombie (almost destroyed, 94% to hit)
The searing ray hits the wyvern zombie!
You destroy the wyvern zombie!
Vehumet accepts your kill.
The searing ray hits the hornet zombie.
The hornet zombie is heavily damaged. (Press . to maintain the ray.)
The searing ray hits the hornet zombie.
The hornet zombie is severely damaged.
The hornet zombie hits you.
* * * LOW HITPOINT WARNING * * *
The searing ray hits the hornet zombie.
The hornet zombie is severely damaged.
The hornet zombie hits you.
* * * LOW HITPOINT WARNING * * *
The searing ray hits the hornet zombie!
The hornet zombie is almost destroyed.
You finish channelling your searing ray.
The hornet zombie hits you!
* * * LOW HITPOINT WARNING * * *
The hornet zombie hits you!
You die...

* *,,,,,............~~~~.......##
* *,,,,,............≈~~~.......##
* *,,,,,...........P~≈~..###+##.#
* *,,,,,..............~....#.#...
* ******#+##########..####.......
********,****######.#######.#...
*,,,,,,,,*,,....................
*,,,,,,,,*,################.####
*,,,,,,,,*,#...@Z...# #.....#
**,,,,,**,*,#.####.#.## #.....#
,,,,,,,**,*,*,* #....# #.....#
**,,,,,**,,,*,* #....#*#.....###
*,*+*********,* #.....##........
*,,,,,,,,,,,*,* #.............##
*,*,*******,*,***#.######......##
,,*,*,,,,,,,,,,,*#.#****####.#.##
***,*,**,*,,,,,,*#..,,,,,,,#.#.##


You could see a hornet zombie.

Vanquished Creatures
  Grinder (D:4)
  The ghost of tinescath the Magician, an amateur DrHW (D:4)
  Eustachio (D:4)
  Menkaure (D:4)
  A water moccasin (D:5)
  An ice beast (D:6)
  Pargi (Sewer)
  An ogre (D:5)
  A wolf (D:5)
  A phantom (D:6)
  2 kobold brigands (D:6)
  2 wyvern zombies (D:6)
  4 gnoll sergeants (D:5)
  4 scorpions
  A water moccasin zombie (D:6)
  A jelly (D:5)
  A howler monkey (D:2)
  A centaur zombie (D:6)
  7 hounds
  A centaur skeleton (D:6)
  2 gnoll boudas (D:5)
  An orc priest (D:5)
  Crazy Yiuf (D:3)
  Ijyb (D:3)
  3 iguanas
  5 orc wizards
  Natasha (thrice) (D:2)
  Robin (D:3)
  13 gnolls (D:5)
  9 adders
  3 river rats (D:6)
  4 worms
  2 dart slugs
  21 orcs
  8 endoplasms
  A giant cockroach (D:1)
  20 goblins
  7 hobgoblins
  3 jackals (D:1)
  3 quokkas
  7 ball pythons
  5 bats
  5 frilled lizards
  19 kobolds
  12 rats
193 creatures vanquished.

Vanquished Creatures (others)
  3 withered plants (D:6)
3 creatures vanquished.

Grand Total: 196 creatures vanquished

Notes
Turn   | Place    | Note
-------+----------+-------------------------------------------
     0 | D:1      | voltaire321 the Octopode Conjurer began the quest for the
                  | Orb.
     0 | D:1      | Reached XP level 1. HP: 11/11 MP: 3/3
    97 | D:1      | Found a faded altar of an unknown god.
   163 | D:1      | Reached XP level 2. HP: 18/18 MP: 3/5
   724 | D:1      | Reached skill level 1 in Fighting
   726 | D:1      | Reached XP level 3. HP: 22/23 MP: 6/6
   786 | D:1      | Learned a level 2 spell: Searing Ray
  1293 | D:2      | Reached XP level 4. HP: 12/28 MP: 7/7
  1403 | D:2      | Noticed Natasha
  1408 | D:2      | Killed Natasha
  1480 | D:2      | Noticed Natasha
  1485 | D:2      | Learned a level 4 spell: Iskenderun's Mystic Blast
  1596 | D:2      | Identified the +7 spear "Lorem Ipsum" {speed, rN+ Will+
                  | rCorr}
  1720 | D:2      | Reached XP level 5. HP: 34/34 MP: 7/9
  1777 | D:2      | Killed Natasha
  1792 | D:2      | Noticed Natasha
  1796 | D:2      | Killed Natasha
  2066 | D:3      | Noticed Robin
  2089 | D:3      | Killed Robin
  2249 | D:3      | Found a runed translucent door.
  2250 | D:3      | Noticed Crazy Yiuf
  2258 | D:3      | Killed Crazy Yiuf
  2259 | D:3      | Reached skill level 5 in Conjurations
  2259 | D:3      | Reached XP level 6. HP: 9/41 MP: 3/10
  2650 | D:3      | Noticed Ijyb
  2659 | D:3      | Killed Ijyb
  3039 | D:3      | Learned a level 3 spell: Dazzling Flash
  3143 | D:4      | Noticed Grinder
  3150 | D:4      | Paralysed by Grinder for 4 turns
  3155 | D:4      | Killed Grinder
  3156 | D:4      | Reached skill level 1 in Hexes
  3156 | D:4      | Reached XP level 7. HP: 20/46 MP: 4/12
  3474 | D:4      | Found a runed translucent door.
  3513 | D:4      | Noticed Eustachio
  3543 | D:4      | Killed Eustachio
  3673 | D:4      | Noticed Menkaure
  3678 | D:4      | Killed Menkaure
  3679 | D:4      | Reached XP level 8. HP: 54/54 MP: 14/14
  3719 | D:4      | Noticed tinescath's ghost (amateur DrHW)
  4110 | D:4      | Killed tinescath's ghost
  4111 | D:4      | Reached skill level 6 in Conjurations
  4227 | D:5      | Entered Level 5 of the Dungeon
  4257 | D:5      | Reached skill level 5 in Dodging
  4629 | D:5      | Reached skill level 5 in Spellcasting
  4756 | D:5      | Reached XP level 9. HP: 56/60 MP: 10/16
  4804 | D:5      | Reached skill level 5 in Fighting
  4929 | D:5      | Reached skill level 1 in Shields
  5844 | D:5      | Found a staircase to the Ecumenical Temple.
  5850 | Temple   | Entered the Ecumenical Temple
  5865 | Temple   | Became a worshipper of Vehumet
  6350 | D:6      | Reached skill level 7 in Conjurations
  6498 | D:6      | Found a glowing drain.
  6502 | Sewer    | Entered a sewer
  6551 | Sewer    | Reached * piety under Vehumet
  6551 | Sewer    | Offered knowledge of Freeze by Vehumet.
  6562 | Sewer    | Noticed Pargi
  6659 | Sewer    | Killed Pargi
  6975 | D:6      | Learned a level 4 spell: Passage of Golubria
  7295 | D:6      | Reached skill level 1 in Translocations
  7306 | D:6      | Slain by a hornet zombie

Illustrated notes

Levels and vault maps discovered:
D:1:      roderic_chinese_lattice_arrival, layout_basic, basic_ecumenical_altar,
          chequers_jeans
D:2:      layout_rooms, hex_medium, uniq_natasha
D:3:      layout_basic, minmay_hedge_maze, uniq_ijyb, uniq_robin,
          uniq_crazy_yiuf_cottage
D:4:      layout_basic, ebering_ghost_reflecting_pool, uniq_grinder,
          uniq_menkaure, uniq_eustachio
D:5:      nicolae_cairo_tiling_very_big, layout_cave_pools,
          minmay_temple_entry_enclosed_plants, serial_gnoll_camp,
          gnoll_camp_mini_house, gnoll_camp_huts_basic,
          gnoll_camp_mini_sergeant, gnoll_camp_mini_hut,
          kennysheep_generic_room_11
D:6:      layout_basic, gammafunk_ghost_necromancy, serial_undead,
          serial_undead_c, serial_undead_f, serial_undead_f, serial_undead_a,
          serial_undead_e, serial_undead_f, lightli_sewer_entry_pipes,
          kennysheep_small_square
Temple:   nicolae_temple_bog_church

Skill      XL: |  1  2  3  4  5  6  7  8  9 |
---------------+----------------------------+-----
Fighting       | 1 2 3 4 5 |  5.9
Dodging        | 3 4 5 6 |  6.3
Spellcasting   | 3 4 5 |  5.7
Conjurations   | 5 6 7 |  7.3
Hexes          | 1 2 3 4 |  4.8
Shields        | 3 |  3.0
Translocations | 1 |  1.1
Stealth        | |  2.6

Action                     |  1- 3 |  4- 6 |  7- 9 || total
---------------------------+-------+-------+-------++-------
  Melee: Unarmed           |     4 |       |       ||     4
         Tentacles         |     7 |     7 |    36 ||    50
         Constrict         |     8 |     6 |    16 ||    30
         Dagger            |    41 |     2 |       ||    43
         Punch             |     1 |       |     2 ||     3
         Spear             |       |    37 |   159 ||   196
   Cast: Magic Dart        |    16 |    52 |    84 ||   152
         Searing Ray       |       |    12 |    46 ||    58
         Iskenderun's Myst |       |       |     1 ||     1
  Evoke: Wand              |       |       |     3 ||     3
    Use: Scroll            |       |       |    13 ||    13
         Potion            |       |       |     3 ||     3
   Stab: Sleeping          |     8 |       |    12 ||    20
 Armour: Skin              |     1 |     4 |     9 ||    14
  Dodge: Dodged            |    20 |    14 |    85 ||   119
  Block: Kite shield       |       |       |    14 ||    14

Table legend: (Time is in decaauts)
 A = Elapsed time spent in this place.
 B = Non-inter-level travel time spent in this place.
 C = Inter-level travel time spent in this place.
 D = Time resting spent in this place.
 E = Time spent auto-exploring this place.
 F = Levels seen in this place.
 G = Mean time per level.
                   A        B        C        D        E       F      G
               +--------+--------+--------+--------+--------+-----+--------+
         Total |   7238 |   7054 |    184 |   1727 |   3805 |   8 |  904.8 |
       Dungeon |   6963 |   6779 |    184 |   1727 |   3700 |   6 | 1160.5 |
        Temple |     30 |     30 |      0 |      0 |      0 |   1 |   30.0 |
         Sewer |    244 |    244 |      0 |      0 |    105 |   1 |  244.0 |
               +--------+--------+--------+--------+--------+-----+--------+

Top non-repeatable levels by time:
     D:5: 2040 daAuts
     D:1: 1214 daAuts
     D:4: 1186 daAuts
     D:3: 1070 daAuts
     D:2: 736 daAuts
     D:6: 715 daAuts
   Sewer: 244 daAuts
  Temple: 30 daAuts
